 Dungeon Crawl Stone Soup version 0.18.1-50-g88ac8fd (webtiles) character file.

1092 nikopol the Chopper (level 8, 0/71 HPs)
             Began as a Minotaur Berserker on Oct 15, 2016.
             Was a Priest of Trog.
             Slain by an orc warrior
             ... wielding a +0 dire flail
              (7 damage)
             ... on level 5 of the Dungeon.
             The game lasted 00:10:48 (5493 turns).

nikopol the Chopper (Minotaur Berserker)            Turns: 5493, Time: 00:10:49

Health: 0/71       AC:  6    Str: 22    XL:     8   Next: 9%
Magic:  7/7        EV: 13    Int:  4    God:    Trog [***...]
Gold:   311        SH:  0    Dex: 12    Spells: 0 memorised, 7 levels left

rFire  . . .     SeeInvis .     a - +0 war axe
rCold  . . .     Gourm    .     u - +0 ring mail (curse)
rNeg   . . .     Faith    .     (no shield)
rPois  .         Spirit   .     (helmet restricted)
rElec  .         Dismiss  .     (no cloak)
rCorr  .         Reflect  .     (no gloves)
SustAt +         Harm     .     (no boots)
MR     .....                    (no amulet)
Stlth  ..........               (no ring)
                                p - ring of sustain attributes

@: confused, drained, not resistant to hostile enchantments, extremely
unstealthy
A: retaliatory headbutt, horns 2
a: Berserk, Trog's Hand, Burn Spellbooks, Renounce Religion


You were on level 5 of the Dungeon.
You worshipped Trog.
Trog was most pleased with you.
You were not hungry.

You visited 1 branch of the dungeon, and saw 5 of its levels.
You also visited: Sewer.

You collected 311 gold pieces.

Inventory:

Hand Weapons
 a - a +0 war axe (weapon)
 l - a +0 hand axe
Missiles
 y - 15 arrows (quivered)
Armour
 b - a +0 animal skin
 u - a cursed +0 ring mail (worn)
Jewellery
 p - a ring of sustain attributes (left hand)
Scrolls
 g - 8 scrolls of identify
 h - a scroll of remove curse
 m - a scroll of teleportation
 n - a scroll of blinking {unknown}
 r - 2 scrolls of fog {unknown}
 v - a scroll of fear {unknown}
 w - a scroll of amnesia {unknown}
 z - a scroll of recharging {unknown}
 A - a scroll of random uselessness {unknown}
Potions
 d - a potion of degeneration {unknown}
 e - 4 potions of heal wounds {unknown}
 i - 2 potions of curing {unknown}
 k - 3 potions of magic {unknown}
 o - 5 potions of berserk rage {unknown}
 q - a potion of cure mutation {unknown}
 t - a potion of ambrosia {unknown}
Comestibles
 c - 3 bread rations
 f - 2 beef jerkies
 j - 6 meat rations
 s - 2 royal jellies
 x - a slice of pizza
 B - 4 chunks of flesh


   Skills:
 + Level 6.6(6.3) Fighting
 + Level 6.9(6.7) Axes
 + Level 5.9(5.7) Armour
 + Level 5.7(5.4) Dodging


You had 7 spell levels left.
You didn't know any spells.

Dungeon Overview and Level Annotations

Branches:
Dungeon (5/15)
 Temple: D:4-7

Altars:
Dithmenos
Fedhas
Makhleb
Pakellas
Qazlal
Sif Muna
Trog
Yredelemnul
The Shining One


Innate Abilities, Weirdness & Mutations

You reflexively headbutt those who attack you in melee.
You have a pair of horns on your head.


Message History

The orc warrior is heavily wounded.
You miss something. Something hits you.
* * * LOW HITPOINT WARNING * * *
The orc warrior hits you with a dire flail!
* * * LOW HITPOINT WARNING * * *
You completely miss something. You closely miss the orc warrior.
The orc warrior is heavily wounded.
Something hits you but does no damage. The orc warrior misses you.
You hear some strange, mumbled words.
You are more confused.
You bump into the rock wall.
The orc warrior misses you. Something hits you but does no damage.
You're too confused!
You're too confused!
You barely miss something. You hit the orc warrior.
The orc warrior is heavily wounded.
The orc warrior barely misses you. Something hits you but does no damage.
You're too confused to move!
The orc warrior hits you with a dire flail!
You die...

....# ###
....###############
##................#
################.#
........# ######..#
#..###### #.......#
#@#####.# #o{...#
#)......# ##.##.###
.# # .# .# .# .#


You could see an orc warrior.

Vanquished Creatures
  Grinder (D:4)
  Eustachio (D:5)
  An ogre (D:5)
  A scorpion (D:4)
  A giant frog zombie (D:5)
  A giant frog skeleton (D:4)
  2 hounds (D:4)
  4 orc priests
  2 orc wizards
  Ijyb (D:3)
  3 worker ants
  2 hound skeletons (D:4)
  A hound zombie (D:5)
  A howler monkey zombie (D:5)
  8 adders
  A river rat (Sewer)
  3 worms
  A dart slug (D:3)
  A giant gecko (D:3)
  15 orcs
  6 bats
  6 giant cockroaches
  8 goblins
  7 hobgoblins
  4 jackals (D:4)
  4 kobolds
  2 ball pythons
  10 giant newts
  A quokka skeleton (D:5)
  8 rats
107 creatures vanquished.

Notes
Turn   | Place    | Note
--------------------------------------------------------------
     0 | D:1      | nikopol the Minotaur Berserker began the quest for the Orb.
     0 | D:1      | Reached XP level 1. HP: 19/19 MP: 0/0
   478 | D:1      | Reached XP level 2. HP: 26/26 MP: 1/1
   928 | D:2      | Noticed a moth of wrath
   931 | D:2      | Found a bloodstained altar of Trog.
   935 | D:2      | Reached XP level 3. HP: 33/33 MP: 2/2
  1067 | D:2      | Reached ** piety under Trog
  1239 | D:2      | Found a faded altar to an unknown god.
  1512 | D:3      | Found a stormy altar of Qazlal.
  1700 | D:3      | Reached XP level 4. HP: 40/40 MP: 3/3
  1945 | D:3      | Found a deep blue altar of Sif Muna.
  1956 | D:3      | Reached XP level 5. HP: 27/47 MP: 4/4
  2237 | D:3      | Reached skill level 5 in Axes
  2914 | D:3      | Noticed Ijyb
  2917 | D:3      | Found a blossoming altar of Fedhas.
  2939 | D:3      | Killed Ijyb
  3477 | D:4      | Reached skill level 5 in Fighting
  3477 | D:4      | Reached XP level 6. HP: 56/56 MP: 5/5
  3527 | D:4      | Found a glowing drain.
  3532 | Sewer    | Entered a sewer
  3914 | D:4      | Noticed Grinder
  3928 | D:4      | Killed Grinder
  4262 | D:4      | Reached XP level 7. HP: 57/61 MP: 6/6
  4578 | D:4      | Reached skill level 5 in Armour
  4578 | D:4      | Reached skill level 5 in Dodging
  4750 | D:4      | Reached *** piety under Trog
  5019 | D:5      | Entered Level 5 of the Dungeon
  5129 | D:5      | Found a shadowy altar of Dithmenos.
  5129 | D:5      | Noticed Eustachio
  5141 | D:5      | Killed Eustachio
  5153 | D:5      | Found a basalt altar of Yredelemnul.
  5201 | D:5      | Reached XP level 8. HP: 60/71 MP: 7/7
  5272 | D:5      | Found a burning altar of Makhleb.
  5272 | D:5      | Found an oddly glowing altar of Pakellas.
  5324 | D:5      | Found a glowing golden altar of the Shining One.
  5493 | D:5      | Slain by an orc warrior

Skill      XL: |  1  2  3  4  5  6  7 |
---------------+----------------------+-----
Axes           | 4 5 6 |  6.9
Fighting       | 4 5 6 |  6.6
Dodging        | 3 4 5 |  5.7
Armour         | 3 4 5 |  5.9

Action                   |  1- 3 |  4- 6 |  7- 9 || total
-------------------------+-------+-------+-------++-------
Melee: Hand axe          |    60 |       |       ||    60
       Headbutt          |     9 |    21 |    15 ||    45
       War axe           |    25 |   135 |    84 ||   244
Invok: Berserk           |       |     1 |       ||     1
       Trog's Hand       |       |     1 |       ||     1
  Use: Scroll            |       |     6 |       ||     6
  Eat: Chunk             |     2 |     9 |     5 ||    16
Armor: Animal skin       |    15 |       |       ||    15
       Ring mail         |     3 |    47 |    36 ||    86
Dodge: Dodged            |    53 |    78 |    73 ||   204
